 Dungeon Crawl Stone Soup version 0.21-a0-404-g291f19a (webtiles) character file.

308 zodiak12 the Stinger (level 6, -8/48 HPs)
             Began as a Draconian Venom Mage on Oct 31, 2017.
             Mangled by Menkaure (12 damage)
             ... on level 4 of the Dungeon.
             The game lasted 00:21:26 (3658 turns).

zodiak12 the Stinger (Draconian Venom Mage)         Turns: 3658, Time: 00:21:27

Health: -8/48      AC: 11    Str: 10    XL:     6   Next: 16%
Magic:  7/10       EV: 13    Int: 22    God:
Gold:   193        SH:  0    Dex: 12    Spells: 1/11 levels left

rFire    . . .     SeeInvis .   t - +0 flail
rCold    + . .     Gourm    .   (no shield)
rNeg     . . .     Faith    .   (armour unavailable)
rPois    .         Spirit   .   (helmet restricted)
rElec    .         Reflect  .   (no cloak)
rCorr    .         Harm     .   o - +1 pair of gloves
MR       .....                  (no boots)
Stlth    ++........             (no amulet)
HPRegen  0.16/turn              c - ring of protection from cold
MPRegen  0.12/turn              f - +3 ring of protection

@: brilliant
A: unfitting armour, cold-blooded, AC +6
a: no special abilities


You were on level 4 of the Dungeon.
You were not hungry.

You visited 1 branch of the dungeon, and saw 4 of its levels.

You collected 193 gold pieces.

Inventory:

Hand Weapons
 d - a +0 mace
 t - a +0 flail (weapon)
Missiles
 r - 3 tomahawks (quivered)
Armour
 o - a +1 pair of gloves (worn)
Jewellery
 c - a ring of protection from cold (left hand)
 f - a +3 ring of protection (right hand)
Wands
 n - a wand of lightning (4/15)
 x - a wand of acid (8/15)
Scrolls
 e - a scroll of enchant armour
 h - a scroll of blinking {unknown}
 j - a scroll of fear
 k - 5 scrolls of identify
 q - a scroll of fog {unknown}
 s - a scroll of enchant weapon {unknown}
 w - a scroll of recharging {unknown}
Potions
 l - a potion of resistance {unknown}
 m - a potion of lignification {unknown}
 p - a potion of might {unknown}
Books
 a - a Young Poisoner's Handbook

   Spells                             Type                      Level
   a - Sting                          Conjuration/Poison           1
   b - Poisonous Vapours              Poison/Air                   2
   c - Mephitic Cloud                 Conjuration/Poison/Air       3
   d - Olgreb's Toxic Radiance        Poison                       4
   e - Venom Bolt                     Conjuration/Poison           5
Comestibles
 b - 4 bread rations
 g - 2 meat rations
 i - a royal jelly
 v - 5 chunks of flesh


   Skills:
 * Level 2.1 Fighting
 + Level 1.3 Maces & Flails
 * Level 2.9 Dodging
 - Level 1.9 Stealth
 + Level 3.2 Spellcasting
 + Level 1.8 Conjurations
 + Level 1.3 Air Magic
 + Level 4.2 Poison Magic


You had one spell level left.
You knew the following spells:

 Your Spells              Type           Power        Failure   Level  Hunger
a - Sting                 Conj/Pois      ####         1%          1    None
b - Poisonous Vapours     Pois/Air       ####..       1%          2    ##.....
c - Mephitic Cloud        Conj/Pois/Air  ####....     1%          3    ###....
d - Olgreb's Toxic Radia  Pois           #####...     2%          4    ####...


Dungeon Overview and Level Annotations

Branches:
Dungeon (4/15)
 Temple: D:4-7

Altars:
Makhleb
Ru
Vehumet

Annotations:
D:4 Menkaure


Innate Abilities, Weirdness & Mutations

Your plain brown scales are hard. (AC +6)
You cannot fit into any form of body armour.
You are cold-blooded and may be slowed by cold attacks.


Message History

* * * LOW HITPOINT WARNING * * *
The hound skeleton bites you but does no damage.
You closely miss the hound skeleton.
The hound skeleton is heavily damaged.
Menkaure completely misses you. The hound skeleton misses you.
The hound skeleton barely misses you. Menkaure barely misses you.
You hit the hound skeleton.
The hound skeleton is almost destroyed.
The hound skeleton closely misses you. Menkaure closely misses you.
You hit the hound skeleton.
You destroy the hound skeleton!
Menkaure hits you.
* * * LOW HITPOINT WARNING * * *
Menkaure calls on the powers of darkness!
Your body is wracked with pain!
* * * LOW HITPOINT WARNING * * *
It was a potion of brilliance.
You feel clever all of a sudden. Menkaure hits you!
You die...

.....##......##
..............#.
................
...)............
........!.....#
........>.....## #
......M........# .#
.......@.......###..#
..$..........#......#
.....##.....##....#
#### ##..........#
#............#
#.....#......#
#............#
#.....##.###.#
#.?...# .# #


You could see Menkaure.

Vanquished Creatures
  An ogre (D:2)
  A howler monkey (D:3)
  An orc priest (D:3)
  An orc wizard (D:2)
  A hound skeleton (D:4)
  2 adders
  3 worms
  3 dart slugs
  A leopard gecko (D:2)
  11 orcs
  5 ball pythons
  6 bats
  2 giant cockroaches
  7 goblins
  8 hobgoblins
  6 kobolds
  2 quokkas
  4 frilled lizards
  10 rats
75 creatures vanquished.

Notes
Turn   | Place    | Note
-------+----------+-------------------------------------------
     0 | D:1      | zodiak12 the Draconian Venom Mage began the quest for the Orb.
     0 | D:1      | Reached XP level 1. HP: 14/14 MP: 3/3
     7 | D:1      | Noticed a black bear
     7 | D:1      | Noticed a rime drake
     8 | D:1      | Noticed a water moccasin
     8 | D:1      | Noticed a wolf
   197 | D:1      | Reached XP level 2. HP: 20/20 MP: 0/5
   208 | D:1      | Learned a level 2 spell: Poisonous Vapours
   868 | D:1      | Reached XP level 3. HP: 27/27 MP: 1/6
  1471 | D:2      | Noticed an ogre
  1496 | D:2      | Killed an ogre
  1496 | D:2      | Reached skill level 1 in Fighting
  1496 | D:2      | Reached XP level 4. HP: 35/35 MP: 0/8
  1735 | D:2      | Learned a level 3 spell: Mephitic Cloud
  1744 | D:2      | Reached skill level 1 in Air Magic
  1744 | D:2      | Reached XP level 5. HP: 40/40 MP: 5/9
  2199 | D:2      | Reached skill level 4 in Poison Magic
  2202 | D:2      | Found a burning altar of Makhleb.
  2632 | D:3      | Learned a level 4 spell: Olgreb's Toxic Radiance
  2745 | D:3      | Reached skill level 1 in Maces & Flails
  2908 | D:3      | Found a radiant altar of Vehumet.
  2971 | D:3      | Found a sacrificial altar of Ru.
  2998 | D:3      | Reached XP level 6. HP: 48/48 MP: 5/10
  3647 | D:4      | Noticed Menkaure
  3658 | D:4      | Mangled by Menkaure

Vault maps used:
D:1:      onia_arrival_zoo_common
D:2:      lemuel_round_altar, first_bread, minmay_shallow_snake_nest
D:3:      nicolae_overflow_crystal_walls, nicolae_ru_path_of_blood
D:4:      mumra_celtic_spiral_tile, tgw_trog, grunt_temple_overflow_open,
          minmay_temple_entry_fiery, grunt_dithmenos_shadows, uniq_menkaure

Skill      XL: |  1  2  3  4  5 |
---------------+----------------+-----
Dodging        | 2 |  2.9
Fighting       | 1 2 |  2.1
Air Magic      | 1 |  1.3
Poison Magic   | 4 |  4.2
Spellcasting   | 3 |  3.2
Maces & Flails | 1 |  1.3
Stealth        | |  1.9
Conjurations   | |  1.8

Action                   |  1- 3 |  4- 6 || total
-------------------------+-------+-------++-------
Melee: Mace              |    35 |    22 ||    57
       Tailslap          |     3 |     2 ||     5
       Flail             |       |    17 ||    17
Throw: Tomahawk          |       |     2 ||     2
 Cast: Sting             |    27 |    68 ||    95
       Poisonous Vapours |    16 |    12 ||    28
       Olgreb's Toxic Ra |       |     3 ||     3
  Use: Scroll            |     4 |     3 ||     7
       Potion            |       |     1 ||     1
 Stab: Sleeping          |       |     2 ||     2
  Eat: Chunk             |     3 |     8 ||    11
Armor: Skin              |    15 |    14 ||    29
Dodge: Dodged            |    33 |    40 ||    73

Table legend:
 A = Spawn XP
 B = Non-spawn XP
 C = Spawn XP percentage of total XP
 D = Spawn monster count
 E = Non-spawn monster count
 F = Spawn count percentage of total count
 G = Total turns spent on level
                    A         B        C        D         E        F      G
               +---------+---------+-------+---------+---------+-------+---------
         Total |       0 |     440 |   0.0 |       0 |      75 |   0.0 |  3658
               +---------+---------+-------+---------+---------+-------+---------
           D:1 |       0 |      52 |   0.0 |       0 |      28 |   0.0 |  1452
           D:2 |       0 |     215 |   0.0 |       0 |      26 |   0.0 |  1174
           D:3 |       0 |     127 |   0.0 |       0 |      15 |   0.0 |   884
           D:4 |       0 |      46 |   0.0 |       0 |       6 |   0.0 |   148
               +---------+---------+-------+---------+---------+-------+---------
